 Dungeon Crawl Stone Soup version 0.28-a0-863-g8cecda6153 (webtiles) character file.

Game seed: 18234374481535093160

28815 Goblin1989 the Cleaver (level 13, -10/107 HPs)
             Began as a Demonspawn Cinder Acolyte on Oct 1, 2021.
             Was a High Priest of Ignis.
             Mangled by a death yak simulacrum (34 damage)
             ... on level 5 of the Lair of Beasts on Nov 17, 2021.
             The game lasted 00:46:16 (15301 turns).

Goblin1989 the Cleaver (Demonspawn Cinder Acolyte) Turns: 15301, Time: 00:46:16

Health: -10/107    AC: 17    Str: 19    XL:     13   Next: 11%
Magic:  14/14      EV:  5    Int: 16    God:    Ignis [*****.]
Gold:   299        SH: 14    Dex:  9    Spells: 14/14 levels left

rFire   + . .      SeeInvis .   b - +4 broad axe (venom)
rCold   . . .      Faith    .   D - +1 kite shield
rNeg    . . .      Spirit   .   E - +0 plate armour
rPois   +          Reflect  .   (no helmet)
rElec   .          Harm     .   (no cloak)
rCorr   .          Rampage  .   R - +0 pair of gloves
Will    +....                   J - +0 pair of boots
Stlth   ..........              r - amulet of regeneration
HPRegen 1.27/turn               o - ring of poison resistance
MPRegen 0.14/turn               H - ring of willpower

@: no status effects
A: hooves 1, rugged brown scales 1, spiny 2, condensation shield
a: Renounce Religion, Sea of Fire, Foxfire Swarm, Rising Flame


You were on level 5 of the Lair of Beasts.
You worshipped Ignis.
Ignis was extremely pleased with you.
You visited 2 branches of the dungeon, and saw 16 of its levels.
You also visited: Sewer.

You collected 728 gold pieces.
You spent 429 gold pieces at shops.

Inventory:

Hand Weapons
 a - a -1 hand axe of flaming
 b - a +4 broad axe of venom (weapon)
Missiles
 B - 2 curare-tipped darts (quivered)
Armour
 D - a +1 kite shield (worn)
 E - a +0 plate armour (worn)
 J - a +0 pair of boots (worn)
 R - a +0 pair of gloves (worn)
Magical Staves
 f - a staff of cold
Jewellery
 o - a ring of poison resistance (left hand)
 r - an amulet of regeneration (around neck)
 y - a ring of positive energy
 H - a ring of willpower (right hand)
 I - a +6 ring of strength
 Q - an amulet of reflection
Wands
 t - a wand of paralysis (11) {@v7}
 G - a wand of flame (11) {@v6}
 S - a wand of digging (7) {@v1}
 U - a wand of iceblast (14) {@v4}
 V - a wand of polymorph (4)
 X - a wand of mindburst (14)
Scrolls
 s - a scroll of blinking {unknown}
 A - 2 scrolls of fear
 M - 3 scrolls of magic mapping
 N - 2 scrolls of enchant armour
 T - 2 scrolls of teleportation {!r, @r2}
 Y - a scroll of summoning
 Z - 4 scrolls of fog
Potions
 g - 7 potions of lignification
 u - a potion of ambrosia
 v - 2 potions of brilliance
 w - 3 potions of cancellation
 x - a potion of might {@q4}
 z - 2 potions of heal wounds
 C - a potion of haste {@q3,}
 F - a potion of berserk rage
 K - a potion of magic
 L - 5 potions of mutation {!q}
 O - a potion of invisibility {unknown}
 P - 5 potions of flight
 W - 6 potions of curing {@q1}


   Skills:
 + Level 10.3 Fighting
 * Level 13.8 Axes
 - Level 2.0 Throwing
 + Level 8.6 Armour
 - Level 5.0 Dodging
 + Level 6.3 Shields
 - Level 1.0 Spellcasting
 - Level 2.6 Fire Magic
 + Level 4.3 Evocations


You had 14 spell levels left.
You didn't know any spells.
Your spell library contained the following spells:

 Spells                   Type           Power      Damage    Failure   Level
 Freeze                   Ice            0%         1d3       100%        1
 Passwall                 Tmut/Erth      0%         N/A       100%        2
 Scorch                   Fire           18%        2d5       100%        2
 Frozen Ramparts          Ice            0%         1d2       100%        3
 Summon Guardian Golem    Hex/Summ       0%         N/A       100%        3
 Swiftness                Air            0%         N/A       100%        3
 Hailstorm                Conj/Ice       0%         3d3       100%        4
 Ice Form                 Ice/Tmut       0%         N/A       100%        4
 Summon Ice Beast         Ice/Summ       0%         N/A       100%        4
 Metabolic Englaciation   Hex/Ice        0%         N/A       100%        5
 Simulacrum               Ice/Necr       0%         N/A       100%        6
 Haunt                    Necr/Summ      0%         N/A       100%        7


Dungeon Overview and Level Annotations

Branches:
Dungeon (11/15)            Temple (0/1) D:7            Lair (5/6) D:9
 Shoals (0/4) Lair:3        Snake (0/4) Lair:2        Slime (0/5) Lair:5
    Orc (0/2) D:10          Sewer (visited)

Altars:
Dithmenos
Fedhas
Kikubaaqudgha
Nemelex Xobeh
Qazlal
Sif Muna
The Shining One

Shops:
D:3 ::*   D:4 (   D:6 =?   D:8 *   D:10 *

Portals:
Ice
Cave: Lair:5

Annotations:
Lair:2 2 transporters, exclusion: ice statue, Gwenloh's ghost, journeyman TeSu
Lair:5 Snorg


Innate Abilities, Weirdness & Mutations

You have large cloven feet.
You are partially covered in rugged brown scales. (AC +1, +3% HP)
You are mostly covered in sharp spines.
A meltable shield of frost defends you. (SH +4)


Message History

Your -1 hand axe of flaming bursts into flame!
a - a -1 hand axe of flaming (weapon)
Health restored: 107 A five-headed hydra is nearby!
You lop one of the five-headed hydra's heads off!
The flame cauterises the wound!
You slash the four-headed hydra! You burn the four-headed hydra.
The four-headed hydra is lightly wounded.
The four-headed hydra bites you! The four-headed hydra bites you. x3
You take 16 damage, and have 91/107 hp.
You barely miss the four-headed hydra.
The four-headed hydra is lightly wounded.
The four-headed hydra is struck by your spines.
The four-headed hydra completely misses you. x2
You block the four-headed hydra's attack.
The four-headed hydra bites you!
You take 9 damage, and have 82/107 hp.
You hack one of the four-headed hydra's heads off!
The flame cauterises the wound!
You hit the three-headed hydra. You burn the three-headed hydra.
The three-headed hydra is moderately wounded.
The three-headed hydra is struck by your spines.
The three-headed hydra bites you but does no damage. x3
You chop one of the three-headed hydra's heads off!
The flame cauterises the wound!
You slash the two-headed hydra! You burn the two-headed hydra.
The two-headed hydra is heavily wounded.
You hit the two-headed hydra. You burn the two-headed hydra.
The two-headed hydra is heavily wounded.
You block the two-headed hydra's attack.
The two-headed hydra bites you but does no damage.
You hit the two-headed hydra. You burn the two-headed hydra.
The two-headed hydra is heavily wounded.
The two-headed hydra bites you!
You block the two-headed hydra's attack.
You take 8 damage, and have 77/107 hp.
Unknown command.
You hit the two-headed hydra but do no damage.
The two-headed hydra is heavily wounded.
The two-headed hydra is struck by your spines.
The two-headed hydra bites you! x2
You take 20 damage, and have 57/107 hp.
You slice one of the two-headed hydra's heads off!
The flame cauterises the wound!
You hit the one-headed hydra. You burn the one-headed hydra.
The one-headed hydra is severely wounded.
The one-headed hydra bites you!
You take 6 damage, and have 51/107 hp.
You chop the one-headed hydra's last head off!
You kill the one-headed hydra!
Your -1 hand axe of flaming stops flaming.
Your +4 broad axe of venom begins to drip with poison!
b - a +4 broad axe of venom (weapon)
You regained 2 hp, and now have 58/107 hp.
The yak bellows!
The yak bellows!
You regained 2 hp, and now have 63/107 hp.
Found a frozen archway.
Found a stone staircase leading down.
You regained 2 hp, and now have 67/107 hp.
You block the death yak simulacrum's attack.
You hit the death yak simulacrum.
The death yak simulacrum is lightly damaged.
You regained 2 hp, and now have 72/107 hp.
You hit the death yak simulacrum.
The death yak simulacrum is lightly damaged.
You hit the yak.
The yak is poisoned.
You slash the yak!
The yak is poisoned.
You slash the polar bear simulacrum! The death yak simulacrum gores you!
The death yak simulacrum freezes you!!
* * * LOW HITPOINT WARNING * * *
You block the yak's attack. The yak gores you but does no damage.
You block the polar bear simulacrum's attack. x3
You take 39 damage, and have 33/107 hp.
MASSIVE DAMAGE!!
Unknown command.
You completely miss the yak.
The yak is moderately wounded.
You hit the yak.
The yak looks as sick as possible!
You slash the elephant simulacrum!
You hit the death yak simulacrum but do no damage.
You slash the death yak simulacrum! You slash the polar bear simulacrum!
The yak gores you.
* * * LOW HITPOINT WARNING * * *
The death yak simulacrum is struck by your spines.
The death yak simulacrum gores you but does no damage.
You block the yak's attack.
You block the death yak simulacrum's attack.
You take 4 damage, and have 29/107 hp.
Unknown command.
You slice the yak!!
You kill the yak!
You hit the yak.
The yak looks as sick as possible!
You hit the elephant simulacrum. You hit the death yak simulacrum.
You slash the death yak simulacrum! You slash the polar bear simulacrum!
The polar bear simulacrum vaporises!
The yak is struck by your spines. The yak gores you but does no damage.
The death yak simulacrum is struck by your spines.
The death yak simulacrum gores you!
* * * LOW HITPOINT WARNING * * *
The death yak simulacrum freezes you!!
You die...

···········.........P.██....P...█
·········......................†.
·········....>...................
·········........................
·········......................:.
▓········........................
▓········............██.P█.P.....
·········...█..ZY...███████......
·········█.....Z@..█.█··▓▓██.....
········▓......Z☼........··......
·········.....∩.....██...·.......
·········...........█·...........
·······▓·...........█··.██··.....
·········..█.█.......▓▓▓.▓▓·.....
·········.·█.......P..▓·····.....
···········............·····.....
····························.....


You could see a yak (extremely poisoned), 2 death yak simulacra and an elephant
simulacrum.

Vanquished Creatures
  Erolcha (D:9)
  6 hydras
  2 two-headed ogres (D:10)
  3 death yaks (D:9)
  10 elephants
  6 cane toads
  A centaur zombie (D:5)
  2 rime drakes
  5 komodo dragons
  2 trolls (D:10)
  A polar bear (Lair:4)
  3 hornets
  A snapping turtle (Lair:3)
  3 blink frogs (Lair:1)
  2 wyverns
  26 yaks
  2 basilisks (Lair:2)
  Eustachio (D:4)
  2 wraiths
  3 steam dragons
  4 nagas (Lair:2)
  9 water moccasins
  2 ice beasts
  2 orc warriors
  A sky beast (D:7)
  2 black bears (D:6)
  A necrophage (D:7)
  11 wolves
  2 centaurs
  4 kobold brigands
  A gnoll sergeant (D:9)
  16 bullfrogs
  4 scorpions
  16 killer bees
  8 wights
  An electric eel (Lair:3)
  9 howler monkeys
  2 hounds
  6 jellies (Lair:5)
  5 orc priests
  A bullfrog skeleton (D:5)
  A centaur skeleton (D:7)
  6 hell rats
  Natasha (thrice) (D:3)
  3 iguanas
  4 orc wizards
  A polar bear simulacrum (Lair:5)
  A killer bee zombie (D:7)
  A wolf simulacrum (Lair:5)
  A howler monkey zombie (D:5)
  13 adders
  10 gnolls
  2 river rats (D:9)
  2 shadow imps
  2 white imps
  An adder skeleton (D:4)
  9 worms
  A dart slug (D:2)
  28 orcs
  27 bats
  15 endoplasms
  10 giant cockroaches
  8 goblins
  10 hobgoblins
  10 jackals
  15 kobolds
  7 quokkas
  11 ball pythons
  7 frilled lizards
  9 rats
407 creatures vanquished.

Vanquished Creatures (collateral kills)
  A komodo dragon (Lair:2)
1 creature vanquished.

Vanquished Creatures (others)
  22 fungi
  67 plants
89 creatures vanquished.

Grand Total: 497 creatures vanquished

Notes
Turn   | Place    | Note
-------+----------+-------------------------------------------
     0 | D:1      | Goblin1989 the Demonspawn Cinder Acolyte began the quest
                  | for the Orb.
     0 | D:1      | Reached XP level 1. HP: 18/18 MP: 2/2
     0 | D:1      | Upgraded the game from 0.28-a0-563-gf77a47075d to
                  | 0.28-a0-653-g7e9dba17c3
     0 | D:1      | Upgraded the game from 0.28-a0-653-g7e9dba17c3 to
                  | 0.28-a0-828-g0121872642
   257 | D:1      | Upgraded the game from 0.28-a0-828-g0121872642 to
                  | 0.28-a0-851-g8b9cc49659
   367 | D:1      | Reached skill level 3 in Axes
   707 | D:1      | Gained mutation: You are partially covered in sharp spines.
                  | [demonic ancestry]
   707 | D:1      | Reached XP level 2. HP: 23/24 MP: 3/3
   840 | D:1      | Found a faded altar of an unknown god.
  1341 | D:2      | Reached XP level 3. HP: 29/29 MP: 4/4
  1351 | D:2      | Reached skill level 4 in Axes
  1509 | D:2      | Reached XP level 4. HP: 35/35 MP: 5/5
  2010 | D:3      | Found a blossoming altar of Fedhas.
  2083 | D:3      | Reached skill level 5 in Axes
  2135 | D:3      | Found Coaxuh's General Store.
  2138 | D:3      | Bought a scroll of identify for 26 gold pieces
  2138 | D:3      | Bought a +0 buckler for 58 gold pieces
  2198 | D:3      | Noticed Natasha
  2207 | D:3      | Killed Natasha
  2208 | D:3      | Reached XP level 5. HP: 29/41 MP: 6/6
  2349 | D:3      | Reached skill level 1 in Shields
  2397 | D:3      | Noticed Natasha
  2405 | D:3      | Killed Natasha
  2511 | D:3      | Gained mutation: You are partially covered in rugged brown
                  | scales. (AC +1, +3% HP) [demonic ancestry]
  2511 | D:3      | Reached XP level 6. HP: 36/48 MP: 7/7
  2694 | D:3      | Noticed Natasha
  2703 | D:3      | Killed Natasha
  2704 | D:3      | Reached skill level 1 in Armour
  2716 | D:3      | Found Siosury's Book Shop.
  2734 | D:3      | Found Iclyets's Book Emporium.
  3029 | D:4      | Noticed Eustachio
  3070 | D:4      | Killed Eustachio
  3071 | D:4      | Reached skill level 6 in Axes
  3074 | D:4      | Noticed Sigmund
  3076 | D:4      | Noticed Sigmund
  3076 | D:4      | Sigmund changed into Sigmund the iguana
  3083 | D:4      | Killed Sigmund the iguana
  3084 | D:4      | Reached XP level 7. HP: 45/53 MP: 8/8
  3087 | D:4      | Found Uwkoeb's Antique Weapon Shoppe.
  3204 | D:4      | Found a stormy altar of Qazlal.
  3345 | D:4      | Found a shimmering blue altar of Sif Muna.
  3703 | D:4      | Found a glowing drain.
  3713 | Sewer    | Entered a sewer
  4516 | D:4      | Found Uwkoeb's Antique Weapon Shoppe.
  4705 | D:4      | Found a stormy altar of Qazlal.
  5079 | D:5      | Entered Level 5 of the Dungeon
  5421 | D:5      | Reached XP level 8. HP: 57/60 MP: 9/9
  5645 | D:5      | Reached skill level 7 in Axes
  6101 | D:6      | Found Ojosebiydgh's Jewellery Shoppe.
  6105 | D:6      | Found Zeyzit's Magic Scroll Shoppe.
  6111 | D:6      | Bought a scroll of magic mapping for 38 gold pieces
  6111 | D:6      | Bought a scroll of identify for 22 gold pieces
  6111 | D:6      | Bought a scroll of identify for 22 gold pieces
  6111 | D:6      | Bought a scroll of teleportation for 33 gold pieces
  6111 | D:6      | Bought a scroll of amnesia for 38 gold pieces
  6120 | D:6      | Upgraded the game from 0.28-a0-851-g8b9cc49659 to
                  | 0.28-a0-861-ge64d6db94f
  6260 | D:6      | Reached skill level 5 in Fighting
  6523 | D:6      | Reached skill level 8 in Axes
  6870 | D:7      | Found a staircase to the Ecumenical Temple.
  6886 | D:7      | Gained mutation: You are mostly covered in sharp spines.
                  | [demonic ancestry]
  6886 | D:7      | Reached XP level 9. HP: 69/70 MP: 10/10
  6956 | D:7      | Paralysed by a hornet for 3 turns
  6957 | D:7      | Reached skill level 5 in Armour
  7104 | D:7      | Reached skill level 9 in Axes
  7683 | D:8      | Found a sparkling altar of Nemelex Xobeh.
  7697 | D:8      | Noticed a two-headed ogre
  7782 | D:8      | Upgraded the game from 0.28-a0-861-ge64d6db94f to
                  | 0.28-a0-863-g8cecda6153
  7836 | D:8      | Reached skill level 10 in Axes
  8070 | D:8      | Found Molyila's Merry Market.
  8222 | D:9      | Reached XP level 10. HP: 81/81 MP: 11/11
  8239 | D:9      | Noticed Erolcha
  8253 | D:9      | Killed Erolcha
  8254 | D:9      | Reached skill level 1 in Dodging
  8908 | D:9      | Noticed a death yak
  8924 | D:9      | Noticed a death yak
  8926 | D:9      | Noticed a death yak
  8934 | D:9      | Killed a death yak
  9033 | D:9      | Killed a death yak
  9034 | D:9      | Reached skill level 11 in Axes
  9142 | D:9      | Killed a death yak
  9335 | D:9      | Found a shadowy altar of Dithmenos.
  9336 | D:9      | Found an ancient bone altar of Kikubaaqudgha.
  9399 | D:9      | Found a staircase to the Lair.
  9679 | D:10     | Entered Level 10 of the Dungeon
  9707 | D:10     | Paralysed by a hornet for 3 turns
  9742 | D:10     | Found Weenli's Assorted Antiques.
  9752 | D:10     | Bought a scroll labelled NEODIUZXIE for 32 gold pieces
  9752 | D:10     | Bought a moonstone ring for 160 gold pieces
  9772 | D:10     | Gained mutation: A meltable shield of frost defends you.
                  | (SH +4) [demonic ancestry]
  9772 | D:10     | Reached XP level 11. HP: 32/88 MP: 12/12
  9977 | D:10     | Noticed a two-headed ogre
  9984 | D:10     | Killed a two-headed ogre
 10167 | D:10     | Found a staircase to the Orcish Mines.
 10247 | D:10     | Noticed a two-headed ogre
 10307 | D:10     | Killed a two-headed ogre
 10612 | D:11     | Reached skill level 12 in Axes
 10661 | D:11     | Noticed a boulder beetle
 10735 | Lair:1   | Entered Level 1 of the Lair of Beasts
 10854 | Lair:1   | Noticed a four-headed hydra
 10865 | Lair:1   | Killed a one-headed hydra
 10996 | Lair:1   | Noticed a seven-headed hydra
 11037 | Lair:1   | Killed a one-headed hydra
 11253 | Lair:1   | You fall into a shaft and drop 1 floor!
 11253 | Lair:2   | Noticed a six-headed hydra
 11259 | Lair:2   | Reached skill level 5 in Dodging
 11274 | Lair:2   | Killed a two-headed hydra
 11398 | Lair:2   | Found a transporter.
 11407 | Lair:2   | Found a transporter.
 11667 | Lair:1   | Noticed Erica
 11669 | Lair:1   | Noticed Erica
 11669 | Lair:1   | Erica changed into Erica the cane toad
 11684 | Lair:1   | Killed Erica the cane toad
 11685 | Lair:1   | Reached XP level 12. HP: 64/97 MP: 13/13
 12085 | Lair:2   | Reached skill level 1 in Evocations
 12240 | Lair:2   | Noticed a seven-headed hydra
 12319 | Lair:1   | Killed a one-headed hydra
 12320 | Lair:1   | Reached skill level 5 in Shields
 12549 | Lair:2   | Found a staircase to the Snake Pit.
 12556 | Lair:2   | Reached skill level 13 in Axes
 12603 | Lair:2   | Noticed an eight-headed hydra
 12617 | Lair:2   | Killed a one-headed hydra
 12825 | Lair:2   | Noticed Gwenloh's ghost (journeyman TeSu)
 13422 | Lair:3   | Reached skill level 10 in Fighting
 13423 | Lair:3   | Reached skill level 1 in Throwing
 13803 | Lair:3   | Found a staircase to the Shoals.
 14491 | Lair:4   | Got the Disquisition on Glacial Calling
 15107 | Lair:5   | Noticed an eight-headed hydra
 15182 | Lair:5   | Noticed Snorg
 15192 | Lair:5   | Gained mutation: You have large cloven feet. [demonic
                  | ancestry]
 15192 | Lair:5   | Reached XP level 13. HP: 91/104 MP: 14/14
 15292 | Lair:5   | Found a frozen archway.
 15301 | Lair:5   | Mangled by a death yak simulacrum

Illustrated notes

Levels and vault maps discovered:
D:1:      psy_arrival_heroes, layout_loops_ring,
          ebering_ecumenical_altar_abandoned, grunt_decor_fettered,
          minmay_misc_feat_pillars, chequers_serial_rivers_micro_e
D:2:      layout_loops_cross, guppyfry_early_orc_mine
D:3:      layout_loops_cross, fedhas_altar_1, serial_shops,
          nicolae_shop_behind_doors, shop, shop, roderic_lattice_a,
          chequers_jeans, uniq_natasha
D:4:      layout_loops_ring, marbit_many_paths, mainiacjoe_overflow_alcove_4,
          gup_sewer_entry_bubbles, serial_shops, shop_fountains, uniq_sigmund,
          uniq_eustachio
D:5:      layout_gridville
D:6:      black_bear_nest_2, layout_basic, nicolae_tso_carved_into_rock,
          serial_shops, shop, shop
D:7:      layout_rooms, minmay_temple_entry_grid
D:8:      layout_basic, kennysheep_mini_moat, nicolae_alphabet_shops,
          moated_statue, roderic_batcave, hangedman_decor_slide_cut
D:9:      layout_loops_corners, mainiacjoe_overflow_divided_tiny,
          dpeg_lair_monsters, uniq_erolcha
D:10:     layout_irregular_city, orc_0_dummy, serial_shops,
          nicolae_shop_overgrown_old_shop, st_stairs_7
D:11:     layout_stronghold, serial_shops, shop_statue
Lair:1:   layout_cellular_growth, uniq_erica
Lair:2:   layout_long_grid, minmay_snake_entry_guardpost_large,
          nzn_ghost_randoct, st_stairs_9, minmay_hedge_maze,
          serial_bayou_lagoon_a
Lair:3:   layout_cave_pods, minmay_shoals_entry_hut
Lair:4:   layout_small_grid, infiniplex_staircase_pool_2, lemuel_fruit_tree
Lair:5:   layout_regular_city, minmay_slime_entry_jelly_boxes,
          portal_ice_cave_entry_ice_simulacra, minmay_stone_trees_small,
          uniq_snorg

Skill      XL: |  1  2  3  4  5  6  7  8  9 10 11 12 |
---------------+-------------------------------------+-----
Axes           | 3 4 5 6 8 10 11 12 13 | 13.8
Shields        | 1 2 3 4 6 |  6.3
Armour         | 2 3 4 5 6 7 8 |  8.6
Fighting       | 5 7 8 9 10 | 10.3
Dodging        | 3 5 |  5.0
Evocations     | 4 |  4.3
Throwing       | 2 |  2.0
Spellcasting   | |  1.0
Fire Magic     | |  2.6

Action                   |  1- 3 |  4- 6 |  7- 9 | 10-12 | 13-15 || total
-------------------------+-------+-------+-------+-------+-------++-------
Melee: Hand axe          |   116 |   163 |   229 |    53 |     9 ||   570
       Broad axe         |       |       |   140 |   568 |    30 ||   738
Evoke: Wand              |       |     2 |       |     7 |     4 ||    13
  Use: Scroll            |       |     5 |     3 |    17 |     1 ||    26
       Potion            |       |       |     3 |     2 |       ||     5
 Stab: Sleeping          |       |     1 |       |       |       ||     1
Armor: Robe              |    23 |     6 |       |       |       ||    29
       Scale mail        |       |    27 |   173 |     9 |       ||   209
       Chain mail        |       |       |       |    51 |       ||    51
       Plate armour      |       |       |       |   221 |    27 ||   248
Dodge: Dodged            |    66 |    52 |   171 |   139 |     8 ||   436
Block: Buckler           |       |    18 |   104 |    64 |       ||   186
       Kite shield       |       |       |       |   251 |    50 ||   301

Table legend: (Time is in decaauts)
 A = Elapsed time spent in this place.
 B = Non-inter-level travel time spent in this place.
 C = Inter-level travel time spent in this place.
 D = Time resting spent in this place.
 E = Time spent auto-exploring this place.
 F = Levels seen in this place.
 G = Mean time per level.
                   A        B        C        D        E       F      G
               +--------+--------+--------+--------+--------+-----+--------+
         Total |  15595 |  14848 |    747 |    869 |  10219 |  17 |  917.4 |
       Dungeon |  10484 |   9912 |    572 |    627 |   6703 |  11 |  953.1 |
          Lair |   4620 |   4445 |    175 |    242 |   3104 |   5 |  924.0 |
         Sewer |    490 |    490 |      0 |      0 |    411 |   1 |  490.0 |
               +--------+--------+--------+--------+--------+-----+--------+

Top non-repeatable levels by time:
     D:4: 1743 daAuts
     D:9: 1447 daAuts
     D:1: 1305 daAuts
  Lair:1: 1300 daAuts
  Lair:2: 1279 daAuts
  Lair:3: 1188 daAuts
     D:3: 1031 daAuts
     D:6: 967 daAuts
    D:10: 941 daAuts
     D:7: 894 daAuts
     D:5: 882 daAuts
  Lair:4: 709 daAuts
     D:2: 697 daAuts
   Sewer: 490 daAuts
     D:8: 480 daAuts
